 Dungeon Crawl Stone Soup version 0.30.1-11-g7821555f0a (webtiles) character file.

Game seed: 7153207805224288651

3388 Gumption the Cleaver (level 9, -10/123 HPs)
             Began as a Minotaur Berserker on Nov 16, 2023.
             Was an Elder of Trog.
             Mangled by a two-headed ogre
             ... wielding a +0 giant club
              (17 damage)
             ... on level 8 of the Dungeon.
             The game lasted 00:37:32 (6557 turns).

Gumption the Cleaver (Minotaur Berserker)           Turns: 6557, Time: 00:37:33

Health: -10/123    AC: 13    Str: 23    XL:     9   Next: 74%
Magic:  8/8        EV:  8    Int:  6    God:    Trog [****..]
Gold:   411        SH:  8    Dex: 11    Spells: 8/8 levels left

rFire   . . .        a - +1 war axe (flame)
rCold   . . .        y - +0 kite shield
rNeg    . . .        n - +0 chain mail
rPois   .            (helmet restricted)
rElec   .            (no cloak)
rCorr   .            (no gloves)
SInv    .            o - +1 pair of boots
Will    .....        (no amulet) Stlth
                     (no ring)
HPRegen 0.40/turn    (no ring)
MPRegen 0.11/turn

%: no passive effects
@: berserking, very quick
A: horns 2, retaliatory headbutt
a: Renounce Religion, Berserk, Trog's Hand, Brothers in Arms


You were on level 8 of the Dungeon.
You worshipped Trog.
Trog was greatly pleased with you.
You visited 1 branch of the dungeon, and saw 8 of its levels.
You also visited: Sewer.

You collected 411 gold pieces.

Inventory:

Hand Weapons
 a - a +1 war axe of flaming (weapon)
 s - a +0 hand axe
Missiles
 f - 2 javelins
 l - 20 poisoned darts (quivered)
 B - 3 boomerangs
Armour
 n - a +0 chain mail (worn)
 o - a +1 pair of boots (worn)
 y - a +0 kite shield (worn)
Wands
 w - a wand of iceblast (10)
 C - a wand of polymorph (11)
Scrolls
 c - a scroll of blinking
 h - a scroll of torment {unknown}
 k - 2 scrolls of poison
 q - a scroll of summoning {unknown}
 r - 2 scrolls of teleportation
 v - a scroll of fog {unknown}
 A - 2 scrolls of enchant armour
Potions
 b - 3 potions of resistance
 e - a potion of curing
 g - a potion of haste
 i - 2 potions of might
 j - 2 potions of heal wounds
 p - a potion of lignification
 t - 2 potions of flight {unknown}
 u - a potion of ambrosia {unknown}
 x - a potion of mutation {unknown}
 z - a potion of attraction {unknown}


   Skills:
 + Level 8.9 Fighting
 * Level 12.0 Axes
 + Level 8.4 Armour
 - Level 2.1 Dodging
 * Level 3.4 Shields


You had 8 spell levels left.
You didn't know any spells.
Your spell library was empty.

Dungeon Overview and Level Annotations

Branches:
Dungeon (8/15)             Temple (0/1) D:7           Sewer (visited)
   Lair: D:8-11

Altars:
Cheibriados
Dithmenos
Fedhas
Hepliaklqana
Makhleb
Xom
Yredelemnul
Zin

Shops:
D:5 [

Annotations:
D:4 Natasha
D:8 Maurice


Innate Abilities, Weirdness & Mutations

You have a pair of horns on your head.
You reflexively headbutt those who attack you in melee.


Message History

An iceblast appears from out of thin air!
The mass of ice explodes!
The iceblast engulfs you!!
You hear a shout!
You hear some strange, mumbled words.
You hear a zap.
An iceblast appears from out of thin air!
The mass of ice explodes!
The iceblast engulfs you.
A javelin appears from out of thin air!
The javelin pierces through you but does no damage.
A two-headed ogre comes into view.
It is wielding a +0 giant club and a +0 giant spiked club.
A javelin appears from out of thin air!
The javelin pierces through you.
A white imp comes into view.
The white imp shouts, "Begone, thou hateful hasty-witted rump-roast!"
Something hits you.
Something steals your scroll labelled APHEPT JOCOB!
The white imp gestures at you.
The puff of frost hits something.
The two-headed ogre hits you with a +0 giant club!
The two-headed ogre hits you with a +0 giant spiked club.
You barely miss the two-headed ogre. You hit something. You burn something.
Something hits you but does no damage. The white imp gestures at you.
The puff of frost hits something.
The two-headed ogre hits you but does no damage. x2
You slash the two-headed ogre! You burn the two-headed ogre.
The two-headed ogre is moderately wounded.
You hit something but do no damage. Something hits you but does no damage.
You barely miss the two-headed ogre.
The two-headed ogre is moderately wounded.
You barely miss something. Something hits you.
Something steals your ring of ice! The white imp gestures at you.
The puff of frost hits something.
The two-headed ogre closely misses you.
The two-headed ogre hits you with a +0 giant spiked club!!
* * * LOW HITPOINT WARNING * * *
A red film seems to cover your vision as you go berserk!
You feel yourself moving faster!
You feel mighty!
You hear some strange, mumbled words.
The two-headed ogre hits you with a +0 giant club!
You die...

#########.......#.#..
#. #.....### # .
#.....# ####.## #..#
# # #.## .# #.. #.#
.# ##
#...###.#####.##...
........@O.........
#.......#5.........
..#######.......##
#.......# .......####
.........#
#......##.# #......#
.# .......# .#


You could see a two-headed ogre and a white imp.

Vanquished Creatures
  Pikel (D:6)
  A steam dragon (D:6)
  Eustachio (D:6)
  Menkaure (D:4)
  2 water moccasins
  An ice beast (D:5)
  A black bear (D:5)
  4 sky beasts
  2 lemures (D:6)
  2 phantoms (D:5)
  A kobold brigand (D:7)
  A gnoll sergeant (D:5)
  3 bullfrogs
  3 scorpions
  5 wights (D:6)
  2 howler monkeys (D:7)
  4 hounds
  4 jellies
  3 orc priests
  A gnoll bouda (D:8)
  A sleepcap (D:5)
  Natasha (D:4)
  An iguana (D:3)
  3 orc wizards (D:6)
  8 gnolls
  8 adders
  2 river rats (Sewer)
  A shadow imp (D:7)
  A white imp (D:6)
  5 dart slugs
  5 worms
  17 orcs
  11 endoplasms
  7 giant cockroaches
  8 goblins
  6 hobgoblins
  4 jackals
  3 quokkas
  10 ball pythons
  5 bats
  7 frilled lizards
  15 kobolds
  5 rats
  A spectral orc (D:7)
178 creatures vanquished.

Notes
Turn   | Place    | Note
-------+----------+-------------------------------------------
     0 | D:1      | Gumption the Minotaur Berserker began the quest for the
                  | Orb.
     0 | D:1      | Reached XP level 1. HP: 19/19 MP: 0/0
   166 | D:1      | Reached skill level 4 in Axes
   229 | D:1      | Reached XP level 2. HP: 27/27 MP: 1/1
   282 | D:1      | Found a faded altar of an unknown god.
   771 | D:2      | Reached ** piety under Trog
   810 | D:2      | Reached XP level 3. HP: 27/33 MP: 2/2
  1694 | D:3      | Found a snail-covered altar of Cheibriados.
  1747 | D:3      | Reached XP level 4. HP: 40/40 MP: 3/3
  1760 | D:3      | Reached skill level 5 in Axes
  1774 | D:3      | Noticed a bullfrog
  1780 | D:3      | Killed a bullfrog
  1885 | D:3      | Reached XP level 5. HP: 47/47 MP: 4/4
  2189 | D:3      | Reached *** piety under Trog
  2427 | D:4      | Reached skill level 5 in Fighting
  2427 | D:4      | Reached skill level 6 in Axes
  2667 | D:4      | Reached XP level 6. HP: 56/56 MP: 5/5
  2769 | D:4      | Found a broken altar of Ashenzari.
  2771 | D:4      | Found an ornate altar of the Wu Jian Council.
  2771 | D:4      | Found a shimmering altar of Xom.
  2773 | D:4      | Found a snail-covered altar of Cheibriados.
  2773 | D:4      | Found a glowing golden altar of the Shining One.
  2773 | D:4      | Found a glowing silver altar of Zin.
  2829 | D:4      | Found a burning altar of Makhleb.
  2832 | D:4      | Noticed a cacodemon
  2834 | D:4      | Found a glowing silver altar of Zin.
  2834 | D:4      | Noticed an angel
  2834 | D:4      | Noticed Natasha
  2857 | D:4      | Killed Natasha
  2975 | D:4      | Found a shadowy altar of Dithmenos.
  3063 | D:4      | Noticed Menkaure
  3078 | D:4      | Killed Menkaure
  3079 | D:4      | Reached skill level 7 in Axes
  3079 | D:4      | Reached skill level 5 in Armour
  3079 | D:4      | Reached XP level 7. HP: 62/62 MP: 6/6
  3083 | D:4      | Noticed Natasha
  3465 | D:5      | Entered Level 5 of the Dungeon
  3648 | D:5      | Found the +8 autumn katana {manifold assault}
  3694 | D:5      | Reached skill level 8 in Axes
  3778 | D:5      | Found a basalt altar of Yredelemnul.
  3987 | D:5      | Found Oteutuat's Armour Emporium.
  4097 | D:5      | Reached XP level 8. HP: 71/71 MP: 7/7
  4236 | D:6      | Noticed Eustachio
  4253 | D:6      | Reached skill level 9 in Axes
  4264 | D:6      | Killed Eustachio
  4321 | D:6      | Found a glowing drain.
  4338 | Sewer    | Entered a sewer
  4447 | Sewer    | Reached **** piety under Trog
  4551 | Sewer    | Found a viscous altar of Jiyva.
  4752 | D:6      | Reached skill level 10 in Axes
  4881 | D:6      | Noticed Pikel
  4953 | D:6      | Killed Pikel
  4954 | D:6      | Reached skill level 11 in Axes
  4954 | D:6      | Reached XP level 9. HP: 38/81 MP: 8/8
  5125 | D:6      | Found a blossoming altar of Fedhas.
  5626 | D:7      | Found a staircase to the Ecumenical Temple.
  5719 | D:7      | Reached skill level 1 in Shields
  5807 | D:7      | Found a hazy altar of Hepliaklqana.
  6513 | D:8      | Reached skill level 12 in Axes
  6535 | D:8      | Noticed Maurice
  6547 | D:8      | Noticed a two-headed ogre
  6556 | D:8      | HP: 4/82 [two-headed ogre/+0 giant club (27)]
  6557 | D:8      | Mangled by a two-headed ogre

Illustrated notes

Levels and vault maps discovered:
D:1:      ncdulo_wetmaze, layout_basic, ebering_ecumenical_altar_webs,
          st_stairs_7
D:2:      layout_basic, grunt_decor_cap
D:3:      layout_loops_cross, mainiacjoe_overflow_concentric_impassable
D:4:      layout_loops_ring, grunt_dithmenos_smoke_and_mirrors,
          doesnt_xom_only_xom, grunt_temple_overflow_order_and_chaos_2,
          uniq_menkaure, uniq_natasha
D:5:      layout_rooms, mainiacjoe_overflow_cross_hatched, serial_shops,
          nicolae_shop_tiny_real_fake_doors
D:6:      layout_loops_ring, mainiacjoe_overflow_boulevard,
          portal_sewer_entry_e, uniq_eustachio, uniq_pikel
D:7:      layout_loops_ring, nicolae_hepliaklqana_monster_ancestors,
          minmay_temple_entry_statues_pillars
D:8:      layout_basic, gammafunk_ghost_hive, minivault_27, uniq_amaemon,
          uniq_joseph, uniq_maurice

Skill      XL: |  1  2  3  4  5  6  7  8  9 |
---------------+----------------------------+-----
Axes           | 4 5 6 7 8 11 12 | 12.0
Fighting       | 4 5 6 8 |  8.9
Armour         | 3 4 5 6 7 8 |  8.4
Shields        | 3 |  3.4
Dodging        | |  2.1

Action                     |  1- 3 |  4- 6 |  7- 9 || total
---------------------------+-------+-------+-------++-------
  Melee: Hand axe          |    99 |    93 |   192 ||   384
         Headbutt          |    14 |    17 |    58 ||    89
         Punch             |     1 |       |     3 ||     4
         War axe           |       |       |    99 ||    99
  Throw: Dart              |       |     1 |     3 ||     4
 Invoke: Berserk           |       |     2 |     2 ||     4
         Trog's Hand       |       |       |     3 ||     3
    Use: Scroll            |       |     7 |    10 ||    17
 Armour: Animal skin       |     3 |       |       ||     3
         Leather armour    |    10 |       |       ||    10
         Chain mail        |     7 |    41 |   148 ||   196
         Scale mail        |     6 |       |       ||     6
  Dodge: Dodged            |    81 |    29 |   117 ||   227
  Block: Kite shield       |       |       |    14 ||    14
